 Dungeon Crawl Stone Soup version 0.21-a0-471-gd587bd5 (webtiles) character file.

1 theanonym the Vexing (level 1, -1/7 HPs)
             Began as a Felid Enchanter on Nov 22, 2017.
             Slain by a hobgoblin (4 damage)
             ... on level 1 of the Dungeon.
             The game lasted 00:00:32 (282 turns).

theanonym the Vexing (Felid Enchanter)               Turns: 282, Time: 00:00:33

Health: -1/7       AC:  1    Str:  4    XL:     1   Next: 16%
Magic:  3/4        EV: 18    Int: 16    God:
Gold:   0          SH:  0    Dex: 16    Spells: 3/4 levels left
                                        Lives:  0   Deaths: 0

rFire    . . .     SeeInvis +     - Unarmed
rCold    . . .     Gourm    .   (shield unavailable)
rNeg     . . .     Faith    .   (armour unavailable)
rPois    .         Spirit   .   (helmet unavailable)
rElec    .         Reflect  .   (cloak unavailable)
rCorr    .         Harm     .   (gloves unavailable)
MR       .....                  (boots unavailable)
Stlth    +++.......             (no amulet)
HPRegen  0.02/turn              (no ring)
MPRegen  0.09/turn              (no ring)

@: quick
A: no armour, no weapons or thrown items, stealth, claws 1, fangs 3, see
invisible, carnivore 3, speed 1, shaggy fur 1, slow metabolism 1, sharp paws
a: no special abilities


Innate Abilities, Weirdness & Mutations

You cannot wear armour.
You are incapable of wielding weapons or throwing items.
Your paws allow you to move quietly. (Stealth)
You have sharp claws.
You have razor-sharp teeth.
You have supernaturally acute eyesight. (SInv)
You are carnivorous and can eat meat at any time.
You cover ground quickly.
You are covered in fur. (AC +1)
You have a slow metabolism.
Your sharp claws are effective at attacking unaware monsters.


   Skills:
 - Level 2.6 Dodging
 + Level 4.0 Stealth
 - Level 1.0 Unarmed Combat
 + Level 2.1 Spellcasting
 - Level 4.4 Hexes


You had 3 spell levels left.
You knew the following spells:

 Your Spells              Type           Power        Failure   Level  Hunger
a - Corona                Hex            ###....      3%          1    #......

Action                   || total
-------------------------++-------
Melee: Unarmed           ||     9
       Bite              ||     1
 Cast: Corona            ||     2
Dodge: Dodged            ||     7

Inventory:

Scrolls
 c - a scroll of teleportation {unknown}
Potions
 d - a potion of berserk rage {unknown}
Books
 a - a book of Maledictions

   Spells                             Type                      Level
   a - Corona                         Hexes                        1
   b - Ensorcelled Hibernation        Hexes/Ice                    2
   c - Confuse                        Hexes                        3
   d - Tukima's Dance                 Hexes                        3
   e - Dazzling Spray                 Conjuration/Hexes            3
Comestibles
 b - a meat ration

Dungeon Overview and Level Annotations

Branches:
Dungeon (1/15)

Altars:


You were on level 1 of the Dungeon.
You were not hungry.

You visited 1 branch of the dungeon, and saw 1 of its levels.


Message History

Welcome, theanonym the Felid Enchanter.
Will you prevail where others failed? Will you find the Orb of Zot?
Found a staircase leading out of the dungeon.
Unknown command.
Unknown command.
You open the door.
There is an open door here.
You open the door.
There is an open door here.
As you open the door, it creaks loudly!
Found 14 stones.
There is an open door here.
c - a scroll labeled QUHUUPT VINN You open the gate.
There is an open gate here.
A goblin comes into view. It is wielding a club.
A goblin comes into view. It is wielding a club.
Unknown command.
The goblin shouts! x2
You scratch the goblin. The goblin closely misses you.
You barely miss the goblin. The goblin completely misses you.
You closely miss the goblin. The goblin misses you. x2
You scratch the goblin.
You kill the goblin!
The goblin hits you with a club.
Ouch! That really hurt!
* * * LOW HITPOINT WARNING * * *
You take 5 damage, and have 2/7 hp.
MASSIVE DAMAGE!!
You are too injured to fight recklessly!
You are too injured to fight recklessly!
You are too injured to fight recklessly!
You are too injured to fight recklessly!
You scratch the goblin but do no damage.
The goblin closely misses you.
Aim: a goblin, wielding a club (chance to defeat MR: 69%)
The goblin is outlined in light.
You now have 3/4 mp.
You scratch the goblin.
You kill the goblin!
You see here a club.
You start resting.
Health restored: 7; MP restored: 4 Unknown command.
d - a bubbling purple potion You see here 17 sling bullets.
Things that are here:
a club; a goblin skeleton
Found 19 stones.
A hobgoblin comes into view.
The hobgoblin shouts!
A hobgoblin is nearby!
A hobgoblin is nearby!
Aim: a hobgoblin (chance to defeat MR: 69%)
The hobgoblin is outlined in light.
A kobold comes into view. It is wielding a whip.
You now have 3/4 mp.
The hobgoblin completely misses you.
Found a stone staircase leading down.
The kobold shouts!
You scratch the hobgoblin but do no damage.
You bite the hobgoblin. The hobgoblin hits you.
Ouch! That really hurt!
* * * LOW HITPOINT WARNING * * *
You take 4 damage, and have 3/7 hp.
MASSIVE DAMAGE!!
You are too injured to fight recklessly!
You are too injured to fight recklessly!
You are too injured to fight recklessly!
You are too injured to fight recklessly!
You are too injured to fight recklessly!
You scratch the hobgoblin but do no damage.
The hobgoblin completely misses you.
You scratch the hobgoblin but do no damage.
Your bite misses the hobgoblin. The hobgoblin hits you.
Ouch! That really hurt!
You die...

####### #.....# #.....#
############.....#
...............(.#
.................#
................@#
)................g.K...>
#####.^......####.####..
#################.#
...≈≈≈≈...#.....#.#
..........#..<..#.#
..........#.....#.#
..........#####'#.#
..........'.♣♣#.#


You could see a hobgoblin and a kobold.

Notes
Turn   | Place    | Note
-------+----------+-------------------------------------------
     0 | D:1      | theanonym the Felid Enchanter began the quest for the Orb.
     0 | D:1      | Reached XP level 1. HP: 7/7 MP: 4/4
    37 | D:1      | HP: 2/7 [goblin/club (5)]
   280 | D:1      | HP: 3/7 [hobgoblin (4)]
   282 | D:1      | Slain by a hobgoblin

Vanquished Creatures
  2 goblins (D:1)
2 creatures vanquished.
